[ PARTIDA AOE2 · #494941628 ]
UnrankedTupíes vs Dravidians
Equipo del jugador · VICT
Equipo rival · DERR
[ ANÁLISIS DE REPETICIÓN · EXTRAÍDO DE LA PARTIDA GRABADA ]
Feudal
16:14
Castillos
26:11
Imperial
—
| APM promedio | 43.7 |
| APM pico | 91 |
| eAPM promedio | 25.4 |
| Aldeanos / militares | 89 / 5 |
Foco
⚔️ 19.1% · 🌾 80.9%
Unknown (2579) ×7 · Mangonel ×3 · Monk ×2
Feudal
9:14
Castillos
30:28
Imperial
—
| APM promedio | 52.3 |
| APM pico | 98 |
| eAPM promedio | 32.3 |
| Aldeanos / militares | 58 / 35 |
Foco
⚔️ 25.7% · 🌾 74.3%
Archer ×14 · Urumi Swordsman ×14 · Battle Elephant ×3 · Armored Elephant ×3 · Monk ×1
Mapa de la partida
Recursos iniciales + cada clic de construcción. Líneas = muros · curvas = relieve. ◆ oro · ⬟ piedra · ● bayas · ✦ reliquia · ◌ hueco del cierre
Tu base· Abierta — flanco sin cerrar
Base de King VELCO· Abierta — hueco de 5t
Terreno inicial suavizado · ◌ = hueco del cierre detectado · pasá el cursor para detalles
Inputs por minuto
— TRUM - - King VELCO
Build order — TRUM
Primeras 150 de 198 acciones detectadas
| 0:00 | Crear | Villager (Male) |
| 0:02 | Construir | House |
| 0:02 | Construir | House |
| 0:10 | Crear | Villager (Male) |
| 0:10 | Crear | Villager (Male) |
| 0:10 | Crear | Villager (Male) |
| 0:10 | Crear | Villager (Male) |
| 1:10 | Crear | Villager (Male) |
| 1:29 | Crear | Villager (Male) |
| 2:04 | Crear | Villager (Male) |
| 2:05 | Crear | Villager (Male) |
| 2:50 | Crear | Villager (Male) |
| 2:51 | Crear | Villager (Male) |
| 3:04 | Construir | Settlement |
| 3:11 | Crear | Villager (Male) |
| 3:11 | Crear | Villager (Male) |
| 3:30 | Crear | Villager (Male) |
| 3:30 | Crear | Villager (Male) |
| 3:59 | Crear | Villager (Male) |
| 4:00 | Crear | Villager (Male) |
| 4:01 | Investigar | Loom |
| 5:02 | Crear | Villager (Male) |
| 5:02 | Crear | Villager (Male) |
| 5:02 | Crear | Villager (Male) |
| 5:02 | Crear | Villager (Male) |
| 5:21 | Crear | Villager (Male) |
| 5:21 | Crear | Villager (Male) |
| 5:21 | Crear | Villager (Male) |
| 5:21 | Crear | Villager (Male) |
| 6:33 | Construir | House |
| 6:51 | Construir | Town Center |
| 7:15 | Construir | Palisade Wall |
| 7:18 | Construir | Palisade Wall |
| 7:29 | Construir | Palisade Wall |
| 7:36 | Crear | Villager (Male) |
| 7:36 | Crear | Villager (Male) |
| 7:36 | Crear | Villager (Male) |
| 7:37 | Crear | Villager (Male) |
| 7:43 | Construir | Palisade Wall |
| 7:52 | Construir | Palisade Wall |
| 8:02 | Construir | Settlement |
| 8:20 | Construir | Palisade Wall |
| 8:21 | Construir | Palisade Wall |
| 9:00 | Construir | Palisade Wall |
| 9:20 | Construir | Palisade Wall |
| 9:26 | Crear | Villager (Male) |
| 9:26 | Crear | Villager (Male) |
| 9:45 | Crear | Villager (Male) |
| 9:46 | Crear | Villager (Male) |
| 9:46 | Crear | Villager (Male) |
| 9:49 | Construir | Farm |
| 10:22 | Crear | Villager (Male) |
| 10:46 | Crear | Villager (Male) |
| 10:47 | Crear | Villager (Male) |
| 11:18 | Construir | Farm |
| 11:25 | Crear | Villager (Male) |
| 11:25 | Crear | Villager (Male) |
| 11:25 | Crear | Villager (Male) |
| 11:34 | Construir | Settlement |
| 12:01 | Crear | Villager (Male) |
| 12:38 | Crear | Villager (Male) |
| 12:59 | Crear | Villager (Male) |
| 13:18 | Construir | Outpost |
| 13:23 | Crear | Villager (Male) |
| 13:32 | Construir | Barracks |
| 14:04 | Investigar | Feudal Age |
| 14:04 | Investigar | Feudal Age |
| 14:26 | Construir | Farm |
| 15:10 | Construir | Farm |
| 15:46 | Construir | Settlement |
| 16:14 | Edad | Edad Feudal |
| 16:14 | Investigar | Town Watch |
| 16:15 | Investigar | Town Watch |
| 16:16 | Investigar | Double-Bit Axe |
| 16:31 | Construir | Watch Tower |
| 16:39 | Crear | Villager (Male) |
| 16:45 | Construir | Blacksmith |
| 16:53 | Crear | Villager (Male) |
| 17:00 | Investigar | Wheelbarrow |
| 17:25 | Construir | Farm |
| 17:26 | Crear | Villager (Male) |
| 17:53 | Construir | Outpost |
| 18:47 | Construir | Watch Tower |
| 18:52 | Construir | Outpost |
| 19:10 | Construir | Watch Tower |
| 19:16 | Construir | House |
| 19:20 | Construir | Farm |
| 19:25 | Crear | Villager (Male) |
| 19:39 | Construir | Farm |
| 19:47 | Investigar | Fletching |
| 19:47 | Investigar | Fletching |
| 20:07 | Construir | Farm |
| 20:10 | Crear | Villager (Male) |
| 20:27 | Construir | Watch Tower |
| 20:42 | Construir | Settlement |
| 21:13 | Crear | Villager (Male) |
| 21:19 | Investigar | Stone Mining |
| 21:48 | Construir | Watch Tower |
| 22:00 | Crear | Villager (Male) |
| 22:49 | Construir | Market |
| 23:31 | Investigar | Castle Age |
| 23:37 | Construir | Watch Tower |
| 24:26 | Construir | Watch Tower |
| 25:20 | Crear | Villager (Male) |
| 26:11 | Edad | Edad de los Castillos |
| 26:20 | Construir | Farm |
| 26:24 | Construir | Siege Workshop |
| 26:28 | Crear | Villager (Male) |
| 26:42 | Crear | Villager (Male) |
| 27:01 | Crear | Mangonel |
| 27:04 | Crear | Villager (Male) |
| 27:08 | Construir | Farm |
| 27:19 | Crear | Villager (Male) |
| 27:25 | Construir | Settlement |
| 27:48 | Construir | Watch Tower |
| 28:23 | Crear | Villager (Male) |
| 28:32 | Crear | Mangonel |
| 28:34 | Crear | Villager (Male) |
| 28:41 | Crear | Villager (Male) |
| 28:41 | Crear | Villager (Male) |
| 29:01 | Crear | Villager (Male) |
| 29:58 | Crear | Villager (Male) |
| 30:22 | Crear | Villager (Male) |
| 30:27 | Construir | Town Center |
| 30:36 | Crear | Villager (Male) |
| 31:08 | Crear | Villager (Male) |
| 31:13 | Construir | Town Center |
| 31:20 | Construir | Settlement |
| 31:27 | Crear | Villager (Male) |
| 31:33 | Construir | Farm |
| 31:33 | Construir | Farm |
| 31:33 | Construir | Farm |
| 31:33 | Construir | Farm |
| 31:53 | Construir | Castle |
| 32:10 | Crear | Villager (Male) |
| 32:33 | Construir | House |
| 32:34 | Construir | Palisade Wall |
| 34:03 | Construir | Town Center |
| 34:05 | Crear | Villager (Male) |
| 34:19 | Construir | Farm |
| 34:20 | Construir | Farm |
| 34:30 | Construir | Monastery |
| 34:39 | Investigar | Hand Cart |
| 34:39 | Investigar | Hand Cart |
| 34:49 | Construir | Farm |
| 34:59 | Crear | Villager (Male) |
| 35:06 | Construir | Farm |
| 35:06 | Construir | Farm |
| 35:06 | Construir | Farm |
| 35:06 | Construir | Farm |
Build order — King VELCO
Primeras 150 de 190 acciones detectadas
| 0:01 | Crear | Villager (Male) |
| 0:01 | Crear | Villager (Male) |
| 0:01 | Crear | Villager (Male) |
| 0:02 | Construir | House |
| 0:05 | Construir | House |
| 0:06 | Crear | Villager (Male) |
| 1:28 | Crear | Villager (Male) |
| 1:28 | Crear | Villager (Male) |
| 1:28 | Crear | Villager (Male) |
| 1:52 | Crear | Villager (Male) |
| 1:52 | Crear | Villager (Male) |
| 1:52 | Crear | Villager (Male) |
| 2:07 | Construir | Lumber Camp |
| 2:24 | Crear | Villager (Male) |
| 2:50 | Crear | Villager (Male) |
| 2:50 | Crear | Villager (Male) |
| 3:12 | Crear | Villager (Male) |
| 3:12 | Crear | Villager (Male) |
| 3:12 | Crear | Villager (Male) |
| 3:30 | Crear | Villager (Male) |
| 3:30 | Crear | Villager (Male) |
| 3:51 | Construir | House |
| 4:19 | Crear | Villager (Male) |
| 4:19 | Crear | Villager (Male) |
| 4:19 | Crear | Villager (Male) |
| 4:36 | Crear | Villager (Male) |
| 4:36 | Crear | Villager (Male) |
| 4:39 | Crear | Villager (Male) |
| 4:40 | Crear | Villager (Male) |
| 4:55 | Construir | Barracks |
| 5:25 | Crear | Villager (Male) |
| 5:25 | Crear | Villager (Male) |
| 5:56 | Construir | House |
| 6:00 | Crear | Villager (Male) |
| 6:03 | Investigar | Loom |
| 6:44 | Construir | Palisade Wall |
| 7:04 | Investigar | Feudal Age |
| 7:04 | Investigar | Feudal Age |
| 7:30 | Construir | Palisade Wall |
| 7:32 | Construir | Palisade Wall |
| 7:38 | Construir | Palisade Wall |
| 7:40 | Construir | Palisade Wall |
| 8:14 | Construir | House |
| 8:27 | Construir | House |
| 8:38 | Crear | Villager (Male) |
| 9:14 | Edad | Edad Feudal |
| 9:18 | Crear | Villager (Male) |
| 9:28 | Construir | Watch Tower |
| 9:57 | Crear | Villager (Male) |
| 10:22 | Construir | Palisade Wall |
| 10:26 | Crear | Villager (Male) |
| 10:47 | Crear | Villager (Male) |
| 11:22 | Construir | House |
| 11:28 | Construir | Palisade Wall |
| 11:31 | Construir | Palisade Wall |
| 11:32 | Construir | Palisade Wall |
| 11:54 | Construir | Palisade Wall |
| 12:08 | Construir | Palisade Wall |
| 12:10 | Construir | Palisade Wall |
| 12:27 | Construir | Mill |
| 12:54 | Construir | Market |
| 13:23 | Construir | Town Center |
| 13:33 | Investigar | Double-Bit Axe |
| 13:34 | Investigar | Double-Bit Axe |
| 14:07 | Crear | Villager (Male) |
| 14:07 | Crear | Villager (Male) |
| 14:13 | Construir | Archery Range |
| 14:23 | Investigar | Town Watch |
| 15:01 | Construir | Mining Camp |
| 15:05 | Crear | Villager (Male) |
| 15:21 | Crear | Villager (Male) |
| 15:47 | Crear | Archer |
| 15:47 | Crear | Archer |
| 15:55 | Crear | Villager (Male) |
| 16:13 | Construir | Palisade Wall |
| 16:19 | Construir | Blacksmith |
| 16:22 | Crear | Archer |
| 16:27 | Crear | Villager (Male) |
| 16:38 | Crear | Archer |
| 16:41 | Crear | Villager (Male) |
| 16:52 | Crear | Villager (Male) |
| 16:59 | Construir | Lumber Camp |
| 17:05 | Investigar | Fletching |
| 17:05 | Investigar | Fletching |
| 17:12 | Construir | House |
| 17:20 | Construir | Lumber Camp |
| 17:24 | Crear | Archer |
| 17:30 | Crear | Archer |
| 17:55 | Construir | House |
| 18:09 | Crear | Villager (Male) |
| 18:22 | Crear | Villager (Male) |
| 18:33 | Construir | Mining Camp |
| 18:44 | Crear | Archer |
| 18:46 | Construir | Farm |
| 18:47 | Construir | Farm |
| 18:52 | Crear | Archer |
| 19:05 | Construir | Farm |
| 19:06 | Construir | Farm |
| 19:06 | Crear | Villager (Male) |
| 19:13 | Construir | House |
| 19:27 | Construir | Mining Camp |
| 19:39 | Crear | Villager (Male) |
| 19:40 | Crear | Archer |
| 19:40 | Crear | Archer |
| 19:45 | Construir | Farm |
| 19:45 | Construir | Farm |
| 20:08 | Construir | Watch Tower |
| 20:10 | Crear | Archer |
| 20:23 | Construir | Farm |
| 20:24 | Construir | Farm |
| 20:25 | Construir | Farm |
| 20:32 | Construir | House |
| 20:51 | Crear | Villager (Male) |
| 21:01 | Construir | Farm |
| 21:02 | Construir | Farm |
| 21:09 | Construir | House |
| 21:23 | Crear | Villager (Male) |
| 21:37 | Construir | Watch Tower |
| 21:38 | Crear | Archer |
| 21:47 | Crear | Archer |
| 21:47 | Crear | Archer |
| 21:52 | Construir | Farm |
| 21:53 | Construir | Farm |
| 22:46 | Construir | Mill |
| 22:46 | Construir | Farm |
| 22:46 | Construir | Farm |
| 22:47 | Construir | Farm |
| 22:47 | Construir | Farm |
| 22:47 | Construir | Farm |
| 23:12 | Crear | Villager (Male) |
| 23:16 | Construir | House |
| 23:28 | Construir | Farm |
| 23:36 | Crear | Villager (Male) |
| 23:44 | Construir | Watch Tower |
| 23:54 | Crear | Villager (Male) |
| 24:13 | Crear | Villager (Male) |
| 24:20 | Construir | Watch Tower |
| 24:36 | Crear | Villager (Male) |
| 24:41 | Construir | House |
| 25:17 | Construir | Farm |
| 25:18 | Construir | Farm |
| 25:19 | Construir | Farm |
| 25:29 | Construir | Farm |
| 25:49 | Construir | Outpost |
| 25:50 | Crear | Villager (Male) |
| 26:14 | Construir | Watch Tower |
| 26:17 | Crear | Villager (Male) |
| 26:30 | Crear | Villager (Male) |
| 27:01 | Crear | Villager (Male) |
| 27:41 | Construir | House |
Cronología de la partida
| 4:55 | King VELCO · first_building Barracks |
| 6:44 | King VELCO · wall_segment Palisade Wall x1 |
| 7:15 | TRUM · wall_segment Palisade Wall x1 |
| 7:18 | TRUM · wall_segment Palisade Wall x1 |
| 7:29 | TRUM · wall_segment Palisade Wall x1 |
| 7:30 | King VELCO · wall_segment Palisade Wall x1 |
| 7:32 | King VELCO · wall_segment Palisade Wall x1 |
| 7:38 | King VELCO · wall_segment Palisade Wall x1 |
| 7:40 | King VELCO · wall_segment Palisade Wall x1 |
| 7:43 | TRUM · wall_segment Palisade Wall x1 |
| 7:52 | TRUM · wall_segment Palisade Wall x1 |
| 8:20 | TRUM · wall_segment Palisade Wall x1 |
| 8:21 | TRUM · wall_segment Palisade Wall x1 |
| 9:00 | TRUM · wall_segment Palisade Wall x1 |
| 9:14 | King VELCO · age_up feudal |
| 9:20 | TRUM · wall_segment Palisade Wall x1 |
| 10:22 | King VELCO · wall_segment Palisade Wall x1 |
| 11:28 | King VELCO · wall_segment Palisade Wall x1 |
| 11:31 | King VELCO · wall_segment Palisade Wall x1 |
| 11:32 | King VELCO · wall_segment Palisade Wall x1 |
| 11:54 | King VELCO · wall_segment Palisade Wall x1 |
| 12:08 | King VELCO · wall_segment Palisade Wall x1 |
| 12:10 | King VELCO · wall_segment Palisade Wall x9 |
| 13:19 | King VELCO · first_market_sell 100 wood |
| 13:20 | King VELCO · first_market_buy 100 stone |
| 13:32 | TRUM · first_building Barracks |
| 14:13 | King VELCO · first_building Archery Range |
| 16:13 | King VELCO · wall_segment Palisade Wall x1 |
| 16:14 | TRUM · age_up feudal |
| 23:30 | TRUM · first_market_sell 100 food |
| 24:14 | TRUM · first_market_buy 100 stone |
| 26:11 | TRUM · age_up castle |
| 26:24 | TRUM · first_building Siege Workshop |
| 30:28 | King VELCO · age_up castle |
| 30:31 | King VELCO · first_building Stable |
| 31:38 | King VELCO · wall_segment Palisade Wall x1 |
| 31:40 | King VELCO · wall_segment Palisade Wall x1 |
| 31:53 | TRUM · first_building Castle |
| 32:22 | King VELCO · first_building Castle |
| 32:34 | TRUM · wall_segment Palisade Wall x1 |
| 34:30 | TRUM · first_building Monastery |
| 35:08 | King VELCO · first_building Siege Workshop |
| 35:59 | King VELCO · first_building Monastery |
| 39:32 | King VELCO · resign |
[ ANÁLISIS IA · 1 CRÉDITO ]
¿Qué pasó realmente en esta partida?
Wolo.gg analiza cada decisión: build order, eco, micro, errores típicos por bracket. Análisis personalizado por WhatsApp o Discord en 30 segundos.
Guía civ
Tupíes
Perfil
Jugador #23646526